 Dungeon Crawl Stone Soup version 0.25-a0-1130-g3926558f3a (webtiles) character file.

Game seed: 12879713865344229297, levelgen mode: deterministic

20164 MisterFreud the Blocker (level 12, -1/104 HPs)
             Began as a Centaur Fighter on May 19, 2020.
             Was the Champion of Okawaru.
             Splashed by an acid dragon's acid (12 damage)
             ... on level 2 of the Lair of Beasts.
             The game lasted 00:24:55 (18254 turns).

MisterFreud the Blocker (Centaur Fighter)          Turns: 18254, Time: 00:24:56

Health: -1/104     AC:  3    Str: 25    XL:     12   Next: 42%
Magic:  18/18      EV:  5    Int:  7    God:    Okawaru [******]
Gold:   543        SH: 18    Dex: 20    Spells: 11/11 levels left

rFire    + . .     SeeInvis +   a - +1 trident
rCold    . . .     Gourm    .   c - +0 kite shield
rNeg     . . .     Faith    .   T - +2 plate armour {rF+}
rPois    .         Spirit   .   g - +2 helmet {SInv}
rElec    .         Reflect  +   E - scarf {harm}
rCorr    .         Harm     .   (no gloves)
MR       .....                  (no barding)
Stlth    ..........             B - amulet of reflection
HPRegen  0.27/turn              C - +6 ring of dexterity
MPRegen  0.16/turn              x - +6 ring of dexterity

@: corroded, very quick
A: large, hooves 3, deformed body, speed 2, tough skin 3
a: Heroism, Finesse, Renounce Religion


You were on level 2 of the Lair of Beasts.
You worshipped Okawaru.
Okawaru was exalted by your worship.
You were not hungry.

You visited 3 branches of the dungeon, and saw 15 of its levels.
You also visited: Ossuary.

You collected 666 gold pieces.
You spent 123 gold pieces at shops.

Inventory:

Hand Weapons
 a - a +1 trident (weapon)
Missiles
 p - 152 arrows
Armour
 c - a +0 kite shield (worn)
 g - a +2 helmet of see invisible (worn)
 E - a scarf of harm (worn)
 N - a +2 scale mail of magic resistance
 T - a +2 plate armour of fire resistance (worn)
Jewellery
 n - an uncursed amulet of regeneration
 x - a +6 ring of dexterity (right hand)
 B - an amulet of reflection (around neck)
 C - a +6 ring of dexterity (left hand)
 F - an uncursed ring of fire
 J - an uncursed ring of ice
 L - an uncursed ring of flight
 O - an uncursed ring of see invisible
Wands
 b - a wand of polymorph (11)
 G - a wand of acid (1)
 S - a wand of flame (12)
Scrolls
 j - a scroll of random uselessness
 k - 6 scrolls of teleportation
 l - a scroll of fog
 o - 2 scrolls of amnesia
 s - 3 scrolls of remove curse
 t - a scroll of noise
 v - 3 scrolls of immolation
 y - 4 scrolls of enchant armour
 D - 2 scrolls of enchant weapon
 H - a scroll of acquirement {unknown}
 I - 2 scrolls of brand weapon {unknown}
 K - 2 scrolls of magic mapping
 M - 2 scrolls of fear
 R - a scroll of holy word {unknown}
Potions
 d - 9 potions of might
 e - 5 potions of curing
 h - 3 potions of brilliance
 i - 3 potions of ambrosia
 m - 3 potions of lignification
 q - a potion of stabbing
 r - a potion of invisibility
 u - 4 potions of mutation
 w - 3 potions of heal wounds
 z - 2 potions of magic
 A - a potion of haste
 Q - a potion of flight
Comestibles
 f - 25 rations
 P - 8 chunks of flesh


   Skills:
 + Level 9.2 Fighting
 - Level 9.0 Polearms
 - Level 5.0 Armour
 - Level 10.0 Shields
 - Level 8.0 Invocations
 - Level 5.0 Evocations


You had 11 spell levels left.
You didn't know any spells.
Your spell library was empty.

Dungeon Overview and Level Annotations

Branches:
Dungeon (11/15)            Temple (1/1) D:5            Lair (3/6) D:8
    Orc (0/2) D:9         Ossuary (visited)
  Swamp: Lair:2-4    Shoals: Lair:2-4     Snake: Lair:2-4    Spider: Lair:2-4

Altars:
Ashenzari
Cheibriados
Dithmenos
Elyvilon
Fedhas
Gozag
Hepliaklqana
Kikubaaqudgha
Makhleb
Nemelex Xobeh
Okawaru
Qazlal
Ru
Sif Muna
Trog
Uskayaw
Vehumet
Wu Jian
Xom
Yredelemnul
Zin
The Shining One

Shops:
D:9 %:?


Innate Abilities, Weirdness & Mutations

You have hooves in place of feet.
Armour fits poorly on your strangely shaped body.
You cover ground very quickly.
You have extremely tough skin. (AC +3)


Message History

The acid dragon is severely wounded.
The acid dragon bites you!
* * * LOW HITPOINT WARNING * * *
You block the acid dragon's attack.
You hit the acid dragon. Your kick misses the acid dragon.
The acid dragon is almost dead.
You hit the acid dragon but do no damage.
Your kick misses the acid dragon.
The acid dragon is almost dead.
The acid dragon bites you.
* * * LOW HITPOINT WARNING * * *
You block the acid dragon's attack.
You hit the acid dragon.
You kick the acid dragon, but do no damage.
The acid dragon is almost dead.
The acid dragon spits acid at you. The splash of acid hits you.
* * * LOW HITPOINT WARNING * * *
You are splashed with acid!
You die...

###########
#............#..P.##
##..................
#......###.....#.#
##.....####..P#..#
#....§..#.....#..##
#P..#.............#
##...#........######
#......####...#
#...@P..###...#
#...D....###..##
#...........[..#
###§..####
#.............##
#..≈..#≈.###.####..###.#.#
#.≈...≈§...##.# #.#.######
≈.....§.......# #.###
....8.§.......# ##.# ....
D...D.≈..###.(#


You could see an acid dragon (catching breath).

Vanquished Creatures
  Erica (D:10)
  A two-headed ogre (D:10)
  A black mamba (Lair:2)
  7 spiny frogs
  9 rime drakes (Lair:2)
  3 komodo dragons
  A polar bear (Lair:2)
  7 hippogriffs
  3 blink frogs (Lair:3)
  14 yaks (Lair:3)
  A wyvern (Lair:2)
  A basilisk (Lair:1)
  5 steam dragons (Lair:2)
  Menkaure (D:7)
  4 porcupines
  4 water moccasins (Lair:1)
  2 orc warriors
  3 sky beasts
  2 ice beasts
  2 ogres
  A black bear (D:7)
  A necrophage (D:10)
  3 phantoms
  11 wolves
  6 centaurs
  12 crocodiles
  A big kobold (D:11)
  An elf zombie (Ossuary)
  7 bullfrogs
  A gnoll sergeant (D:9)
  A wyvern skeleton (D:6)
  4 scorpions
  12 killer bees
  8 wights
  A howler monkey (D:5)
  8 crimson imps
  2 centaur zombies (Ossuary)
  3 jellies
  2 quasits
  8 hounds
  2 orc priests
  Crazy Yiuf (D:2)
  3 bullfrog skeletons
  12 orc wizards
  Jessica (D:2)
  2 iguanas
  8 worker ants
  A big kobold zombie (Ossuary)
  A hound zombie (D:11)
  2 mummies (Ossuary)
  Robin (D:2)
  18 adders
  17 gnolls
  3 shadow imps
  An adder zombie (Ossuary)
  4 dart slugs
  5 leopard geckos
  24 orcs
  5 ball pythons (D:3)
  9 giant cockroaches
  14 goblins
  14 hobgoblins
  8 jackals
  9 kobolds
  5 quokkas
  2 bats (D:1)
  7 frilled lizards
  8 hobgoblin zombies (Ossuary)
  3 jackal zombies (Ossuary)
  13 kobold zombies (Ossuary)
  A leopard gecko skeleton (D:7)
  6 orc zombies (Ossuary)
  2 quokka skeletons
  A quokka zombie (D:5)
  5 rats
  2 rat zombies (Ossuary)
385 creatures vanquished.

Vanquished Creatures (others)
  Fannar (D:10)
  6 fungi
  6 plants
13 creatures vanquished.

Grand Total: 398 creatures vanquished

Notes
Turn   | Place    | Note
-------+----------+-------------------------------------------
     0 | D:1      | MisterFreud the Centaur Fighter began the quest for the
                  | Orb.
     0 | D:1      | Reached XP level 1. HP: 19/19 MP: 1/1
   137 | D:1      | Reached XP level 2. HP: 26/26 MP: 2/2
   566 | D:1      | Reached XP level 3. HP: 28/31 MP: 3/3
  1300 | D:2      | Noticed Robin
  1329 | D:2      | Reached XP level 4. HP: 31/38 MP: 4/4
  1344 | D:2      | Killed Robin
  1637 | D:2      | Found a runed translucent door.
  1638 | D:2      | Noticed Crazy Yiuf
  1803 | D:2      | Noticed Jessica
  1822 | D:2      | Killed Jessica
  2113 | D:2      | Killed Crazy Yiuf
  2113 | D:2      | Reached XP level 5. HP: 19/45 MP: 5/5
  2379 | D:3      | Reached skill level 5 in Polearms
  2532 | D:3      | Found a hazy altar of Hepliaklqana.
  2634 | D:3      | Found a shattered altar of Ashenzari.
  2896 | D:3      | Reached XP level 6. HP: 44/51 MP: 6/6
  4274 | D:5      | Entered Level 5 of the Dungeon
  4322 | D:5      | Reached XP level 7. HP: 45/57 MP: 7/7
  5069 | D:5      | Found a staircase to the Ecumenical Temple.
  5088 | Temple   | Entered the Ecumenical Temple
  5143 | Temple   | Became a worshipper of Warmaster Okawaru
  5327 | D:6      | Reached XP level 8. HP: 64/67 MP: 8/8
  5357 | D:6      | Reached skill level 5 in Fighting
  5440 | D:6      | Reached * piety under Okawaru
  5470 | D:6      | Reached skill level 1 in Invocations
  5714 | D:6      | HP: 3/70 [orc wizard/+0 dagger (3)]
  6170 | D:6      | Reached skill level 3 in Shields
  6309 | D:6      | Reached skill level 4 in Shields
  6333 | D:6      | Reached ** piety under Okawaru
  6501 | D:6      | Found a white marble altar of Elyvilon.
  6782 | D:7      | Reached XP level 9. HP: 75/75 MP: 12/12
  6949 | D:7      | Reached skill level 5 in Shields
  7442 | D:7      | Reached skill level 5 in Invocations
  7523 | D:7      | Noticed Menkaure
  7537 | D:7      | Killed Menkaure
  7537 | D:7      | Reached *** piety under Okawaru
  8305 | D:8      | Found an ancient bone altar of Kikubaaqudgha.
  8473 | D:8      | Reached skill level 6 in Shields
  8525 | D:8      | Found a sand-covered staircase.
  8531 | Ossuary  | Entered an ossuary
  8821 | Ossuary  | Reached XP level 10. HP: 78/83 MP: 14/14
  9064 | D:8      | Found a staircase to the Lair.
  9806 | D:9      | Reached **** piety under Okawaru
  9893 | D:9      | Found Righovumn's Magic Scroll Shoppe.
  9898 | D:9      | Bought a scroll of teleportation for 39 gold pieces
  9898 | D:9      | Bought a scroll of fear for 45 gold pieces
  9898 | D:9      | Bought a scroll of teleportation for 39 gold pieces
 10229 | D:9      | Found an ornate altar of the Wu Jian Council.
 10229 | D:9      | Found a sacrificial altar of Ru.
 10234 | D:9      | Found a glowing golden altar of the Shining One.
 10236 | D:9      | Found a blossoming altar of Fedhas.
 10238 | D:9      | Found a faded altar of an unknown god.
 10566 | D:9      | Found Kunaveyf's Assorted Antiques.
 10711 | D:9      | Found Boschoris's Food Shoppe.
 10743 | D:9      | Found a staircase to the Orcish Mines.
 10748 | D:9      | Found Fuis's Book Shoppe.
 11073 | D:10     | Entered Level 10 of the Dungeon
 11211 | D:10     | Noticed Fannar
 11234 | D:10     | Killed Fannar
 11234 | D:10     | Reached skill level 7 in Shields
 11728 | D:10     | Noticed a two-headed ogre
 11747 | D:10     | Killed a two-headed ogre
 11747 | D:10     | Received a gift from Okawaru
 11870 | D:10     | Noticed Erica
 11887 | D:10     | Killed Erica
 11887 | D:10     | Reached ***** piety under Okawaru
 11887 | D:10     | Reached XP level 11. HP: 61/89 MP: 17/17
 12926 | D:11     | Noticed an eight-headed hydra
 13073 | Lair:1   | Entered Level 1 of the Lair of Beasts
 13208 | Lair:1   | Reached skill level 8 in Shields
 13233 | Lair:1   | Reached skill level 5 in Armour
 14485 | Lair:1   | Reached skill level 9 in Shields
 15315 | Lair:2   | You fall into a shaft and drop 1 floor!
 15870 | Lair:3   | Reached skill level 10 in Shields
 15870 | Lair:3   | Reached skill level 1 in Evocations
 15899 | Lair:3   | HP: 3/89 [blink frog (8)]
 16301 | Lair:3   | Reached ****** piety under Okawaru
 16332 | Lair:3   | Reached XP level 12. HP: 22/96 MP: 18/18
 17018 | Lair:2   | Reached skill level 5 in Evocations
 17696 | Lair:2   | Received a gift from Okawaru
 18160 | Lair:2   | Received a gift from Okawaru
 18254 | Lair:2   | Splashed by an acid dragon's acid

Illustrated notes

Levels and vault maps discovered:
D:1:      dpeg_arrival_short_road, layout_loops_ring, moated_statue
D:2:      layout_basic, chequers_serial_rivers_micro_b, uniq_robin,
          uniq_crazy_yiuf_cottage, uniq_jessica
D:3:      layout_basic, ashenzari_conservatory_becter, old_standard_altar,
          first_ration, minmay_snake_closets
D:4:      layout_loops_corners
D:5:      layout_basic, minmay_temple_entry_statues
D:6:      layout_basic, elyvilon_altar_3, serial_glass, glass_columns_b,
          glass_columns_a, hangedman_minor_gate_pass
D:7:      layout_loops_corners, uniq_menkaure
D:8:      layout_basic, lemuel_crystal_altar, david_lair_shrubbed,
          nicolae_ossuary_entry_ruins
D:9:      layout_stronghold, chequers_temple_overflow_minitemple, serial_shops,
          shop, shop, shop, nicolae_shop_stone
D:10:     layout_grid_maze, uniq_erica, uniq_fannar
D:11:     layout_irregular_city, blue_anna_alchemist [blue_anna_fruit_fields,
          blue_anna_fruit_fields]
Temple:   zaba_magenta_temple
Lair:1:   layout_cave_pods, st_stairs_13, bh_autumn_forest_stairs, minivault_24
Lair:2:   layout_loops_ring, minmay_swamp_entry_worms, bobbens_dragon_lair_wall
Lair:3:   layout_cave_pods

Skill      XL: |  1  2  3  4  5  6  7  8  9 10 11 12 |
---------------+-------------------------------------+-----
Polearms       | 2 3 4 5 7 8 9 |  9.0
Fighting       | 4 6 9 |  9.2
Invocations    | 4 6 8 |  8.0
Shields        | 4 6 7 10 | 10.0
Armour         | 4 5 |  5.0
Evocations     | 4 5 |  5.0

Action                   |  1- 3 |  4- 6 |  7- 9 | 10-12 || total
-------------------------+-------+-------+-------+-------++-------
Melee: Trident           |   127 |   281 |   502 |   895 ||  1805
       Kick              |    19 |    44 |   138 |   237 ||   438
Invok: Heroism           |       |       |     1 |     4 ||     5
Evoke: Wand              |       |       |       |     7 ||     7
  Use: Scroll            |       |     4 |    14 |     6 ||    24
       Potion            |       |       |     1 |     5 ||     6
  Eat: Chunk             |     1 |     7 |    11 |    19 ||    38
       Ration            |       |       |     1 |     2 ||     3
Armor: Scale mail        |    49 |    93 |    67 |   187 ||   396
       Plate armour      |       |       |       |     4 ||     4
Dodge: Dodged            |    27 |    46 |    45 |   127 ||   245
Block: Kite shield       |    40 |    79 |   229 |   545 ||   893
       Reflection        |       |       |     5 |     6 ||    11

Table legend:
 A = Non-vault XP
 B = Vault XP
 C = Vault XP percentage of total XP
 D = Non-vault monster count
 E = Vault monster count
 F = Vault count percentage of total count
                 A         B        C        D         E       F
            +---------+---------+-------+---------+---------+-------
      Total |   21518 |    7289 |  25.3 |     297 |      89 |  23.1
            +---------+---------+-------+---------+---------+-------
        D:1 |      72 |       0 |   0.0 |      33 |       0 |   0.0
        D:2 |      35 |     109 |  75.7 |       7 |      13 |  65.0
        D:3 |     102 |      98 |  49.0 |      23 |      11 |  32.4
        D:4 |     200 |       0 |   0.0 |      16 |       0 |   0.0
        D:5 |     602 |       0 |   0.0 |      18 |       0 |   0.0
        D:6 |    1260 |     281 |  18.2 |      33 |       6 |  15.4
        D:7 |    1784 |     157 |   8.1 |      34 |       1 |   2.9
        D:8 |    1065 |     361 |  25.3 |      18 |       1 |   5.3
        D:9 |    1441 |       0 |   0.0 |      28 |       0 |   0.0
       D:10 |    1507 |    1881 |  55.5 |      13 |       2 |  13.3
       D:11 |     164 |     100 |  37.9 |       6 |       1 |  14.3
     Lair:1 |    4042 |     270 |   6.3 |      23 |       1 |   4.2
     Lair:2 |    3489 |    3743 |  51.8 |      20 |      14 |  41.2
     Lair:3 |    5755 |       0 |   0.0 |      25 |       0 |   0.0
    Ossuary |       0 |     289 | 100.0 |       0 |      39 | 100.0
            +---------+---------+-------+---------+---------+-------
